 Dungeon Crawl Stone Soup version 0.31-a0-523-g071a6c1ffa (webtiles) character file.

Game seed: 4818702876480692717

347 Ethylacetat the Ducker (level 6, -2/43 HPs)
             Began as an Octopode Gladiator on Aug 10, 2023.
             Killed from afar by an orc wizard (8 damage)
             ... with a magic dart
             ... on level 3 of the Dungeon.
             The game lasted 00:03:43 (2077 turns).

Ethylacetat the Ducker (Octopode Gladiator)         Turns: 2077, Time: 00:03:43

Health: -2/43      AC:  1    Str: 13    XL:     6   Next: 59%
Magic:  6/6        EV: 15    Int: 10    God:
Gold:   70         SH:  0    Dex: 16    Spells: 5/5 levels left

rFire   . . .        a - +0 long sword
rCold   . . .        (no shield)
rNeg    . . .        b - +0 hat
rPois   +            i - amulet of the acrobat
rElec   .            g - ring of poison resistance
rCorr   .            (no ring)
SInv    .            (no ring)
Will    .....        (no ring)
Stlth   ++++         (no ring)
HPRegen 0.27/turn    (no ring)
MPRegen 0.10/turn    (no ring)
                     (no ring)

%: acrobat
@: no status effects
A: almost no armour, amphibious, 8 rings, camouflage 1, gelatinous body 1,
(nimble swimmer 1), tentacles
a: no special abilities


You were on level 3 of the Dungeon.
You visited 1 branch of the dungeon, and saw 3 of its levels.
You also visited: Sewer.

You collected 98 gold pieces.
You spent 28 gold pieces at shops.

Inventory:

Hand Weapons
 a - a +0 long sword (weapon)
 k - a +1 sling of electrocution
Missiles
 c - 3 throwing nets (quivered)
 d - a javelin
Armour
 b - a +0 hat (worn)
Jewellery
 g - a ring of poison resistance (left tentacle)
 i - an amulet of the acrobat (around mantle)
Wands
 p - a wand of flame (16)
Scrolls
 e - a scroll of vulnerability {unknown}
 f - a scroll of acquirement {unknown}
 l - a scroll of teleportation {unknown}
 m - a scroll of identify
 n - a scroll of enchant weapon {unknown}
 o - a scroll of brand weapon {unknown}
 q - a scroll of enchant armour {unknown}
 u - a scroll of poison {unknown}
 v - a scroll of summoning {unknown}
Potions
 h - 2 potions of attraction {unknown}
 j - a potion of haste {unknown}
 r - a potion of invisibility {unknown}
 s - 2 potions of might {unknown}
 t - a potion of magic {unknown}


   Skills:
 + Level 3.8 Fighting
 - Level 3.4 Long Blades
 + Level 2.4 Ranged Weapons
 - Level 2.0 Throwing
 + Level 4.3 Dodging
 + Level 4.2 Stealth


You had 5 spell levels left.
You didn't know any spells.
Your spell library contained the following spells:

 Spells                   Type           Power      Damage    Failure   Level
 Summon Small Mammal      Summ           0%         N/A       36%         1
 Call Canine Familiar     Summ           0%         N/A       75%         3
 Dazzling Flash           Conj/Hex       0%         N/A       75%         3
 Summon Guardian Golem    Hex/Summ       0%         N/A       75%         3
 Volatile Blastmotes      Fire/Tloc      0%         2d10      75%         3
 Starburst                Conj/Fire      0%         6d3       100%        6
 Maxwell's Capacitive Co  Air            0%         ∞         100%        8


Dungeon Overview and Level Annotations

Branches:
Dungeon (3/15)              Sewer (visited)

Altars:

Shops:
D:2 *


Innate Abilities, Weirdness & Mutations

You cannot wear most types of armour.
You are amphibious.
You can wear up to eight rings at the same time.
Your skin changes colour to match your surroundings (Stealth+).
Your rubbery body absorbs attacks. (AC +1, EV +1)
((You are camouflaged when in or above water. (Stealth+)))
You have tentacles for arms and can constrict up to eight enemies at once.


Message History

Fire: k) +1 sling (elec)
Press: ? - help, Q - select action, (/) - cycle Shift-Dir - straight line You shoot a sling bullet.
Something barely misses you.
You hear some strange, mumbled words.
You are confused.
Unknown command.
Your +1 sling of electrocution stops crackling.
a - a +0 long sword (weapon)
You bump into the rock wall.
Something barely misses you.
You hit something but do no damage. Something hits you but does no damage.
You bump into the rock wall.
Something hits you.
You bump into the rock wall.
Something hits you.
You closely miss something. Something hits you.
You feel less confused.
You closely miss something. Your squeeze misses something. Something hits you.
Something hits you but does no damage.
You barely miss something. Something hits you.
You miss something.
You hear some strange, mumbled words.
A magic dart appears from out of thin air!
The magic dart hits you.
You barely miss something.
You hear some strange, mumbled words.
Something tries to affect you, but you resist.
You hit something but do no damage. Something hits you.
You hear some strange, mumbled words.
Something tries to affect you, but you resist.
You closely miss something. Something barely misses you.
You slash something! Something hits you but does no damage.
You closely miss something. Your squeeze misses something. Something hits you.
* * * LOW HITPOINT WARNING * * *
You hit something. Something hits you.
* * * LOW HITPOINT WARNING * * *
You barely miss something. Your squeeze misses something. Something hits you.
* * * LOW HITPOINT WARNING * * *
You hear some strange, mumbled words.
A magic dart appears from out of thin air!
The magic dart hits you!
You die...

#.........#.####...####
#...........#......#
#..........)#..##..####
#.........#.#..#......#
#.........#.#.........#
#.....>...#.#.........#
#########......<#.##..#
#...#####.#.†.#
#@{.....#.#...#
###.###.#)#...# #.#
..##..#
...........#####..#
......)..#.# ###..#
..)......#.# #....#
......)..#.###...##
...).....#...#...#
.........# #.....#


There were no monsters in sight!

Vanquished Creatures
  3 jellies (Sewer)
  Jessica (D:3)
  Ijyb (D:3)
  Natasha (twice) (D:2)
  Robin (D:2)
  4 adders
  2 river rats (Sewer)
  3 worms
  A dart slug (D:1)
  3 orcs (D:3)
  6 ball pythons
  13 endoplasms
  9 giant cockroaches
  10 goblins
  7 hobgoblins
  A quokka (D:2)
  A bat (D:3)
  6 frilled lizards
  4 kobolds
  6 rats
84 creatures vanquished.

Notes
Turn   | Place    | Note
-------+----------+-------------------------------------------
     0 | D:1      | Ethylacetat the Octopode Gladiator began the quest for the
                  | Orb.
     0 | D:1      | Reached XP level 1. HP: 14/14 MP: 1/1
   100 | D:1      | Reached skill level 1 in Stealth
   100 | D:1      | Reached XP level 2. HP: 15/19 MP: 2/2
   610 | D:2      | Reached XP level 3. HP: 25/25 MP: 3/3
   630 | D:2      | Noticed Robin
   664 | D:2      | Killed Robin
   798 | D:2      | Reached XP level 4. HP: 30/30 MP: 4/4
  1086 | D:2      | Found Nangynant's General Store.
  1091 | D:2      | Bought a scroll of identify for 28 gold pieces
  1252 | D:2      | Noticed Natasha
  1253 | D:2      | Killed Natasha
  1254 | D:2      | Reached skill level 1 in Ranged Weapons
  1297 | D:2      | Noticed Natasha
  1306 | D:2      | Killed Natasha
  1307 | D:2      | Reached XP level 5. HP: 7/36 MP: 5/5
  1543 | D:3      | Noticed Ijyb
  1549 | D:3      | Killed Ijyb
  1691 | D:3      | Found a glowing drain.
  1707 | Sewer    | Entered a sewer
  1863 | Sewer    | Reached XP level 6. HP: 42/42 MP: 6/6
  1919 | Sewer    | Found a viscous altar of Jiyva.
  2009 | D:3      | Noticed Jessica
  2010 | D:3      | Killed Jessica
  2077 | D:3      | Killed from afar by an orc wizard

Illustrated notes

Levels and vault maps discovered:
D:1:      enne_arrival_octagon_isle, layout_basic
D:2:      layout_basic, serial_shops, shop, uniq_natasha, uniq_robin
D:3:      layout_basic, minitemple, cheibrodos_sewer_entry_sluice, uniq_ijyb,
          uniq_crazy_yiuf_cottage, uniq_jessica

Skill      XL: |  1  2  3  4  5  6 |
---------------+-------------------+-----
Stealth        | 1 2 3 4 |  4.2
Ranged Weapons | 1 2 |  2.4
Fighting       | 3 |  3.8
Dodging        | 4 |  4.3
Long Blades    | |  3.4
Throwing       | |  2.0

Action                     |  1- 3 |  4- 6 || total
---------------------------+-------+-------++-------
  Melee: Long sword        |    56 |    12 ||    68
         Constrict         |    12 |       ||    12
         Tentacles         |     8 |       ||     8
         Punch             |     1 |       ||     1
   Fire: Sling             |     2 |   131 ||   133
    Use: Potion            |     1 |       ||     1
   Stab: Sleeping          |    10 |       ||    10
 Armour: Skin              |     2 |     5 ||     7
  Dodge: Dodged            |    29 |    27 ||    56

Table legend: (Time is in decaauts)
 A = Elapsed time spent in this place.
 B = Non-inter-level travel time spent in this place.
 C = Inter-level travel time spent in this place.
 D = Time resting spent in this place.
 E = Time spent auto-exploring this place.
 F = Levels seen in this place.
 G = Mean time per level.
                   A        B        C        D        E       F      G
               +--------+--------+--------+--------+--------+-----+--------+
         Total |   2133 |   2086 |     47 |      0 |   1576 |   4 |  533.2 |
       Dungeon |   1844 |   1797 |     47 |      0 |   1414 |   3 |  614.7 |
         Sewer |    289 |    289 |      0 |      0 |    162 |   1 |  289.0 |
               +--------+--------+--------+--------+--------+-----+--------+

Top non-repeatable levels by time:
     D:2: 945 daAuts
     D:1: 548 daAuts
     D:3: 350 daAuts
   Sewer: 289 daAuts
